[Event "Team 45 45 League T38"]
[Site "Internet Chess Club"]
[Date "2008.08.11"]
[Round "3"]
[White "RD1974"]
[Black "Caminator"]
[Result "1-0"]
[WhiteElo "1594"]
[BlackElo "1343"]
[Opening "Vienna game"]
[ECO "C28"]
[Time "18:03:27"]
[TimeControl "2700+45"]

1. e4 e5 2. Bc4 Nc6 3. Nc3 Nf6 4. d3 d6 5. f4 Be7 6. Nf3 Bg4 7. h3 Bd7 8. Be3
O-O 9. a3 Kh8 10. f5 Na5 11. Ba2 b6 12. Qe2 c5 13. O-O-O Nc6 14. g4 a5 15. g5
Nh5 16. Rdg1 Nd4 17. Qf2 f6 18. Nd5 fxg5 19. Nxe7 Qxe7 20. Bxg5 Qe8 21. Nh4 Nf4
22. Bxf4 exf4 23. Ng6+ Qxg6 24. fxg6 f3 25. Kd2 b5 26. c3 Ne2 27. Re1 b4 28. Bd5
bxc3+ 29. bxc3 Rab8 30. Qh4 h6 31. Bf7 Rb2+ 32. Ke3 Nxc3 33. Qe7 Nd1+ 34. Rxd1
Re2+ 35. Kxf3 Rxf7+ 36. gxf7 Bg4+ 37. hxg4 Rf2+ 38. Kxf2 Kh7 39. g5 {Black
resigns} 1-0

[Event "Team 45 45 League T38"]
[Site "Internet Chess Club"]
[Date "2008.08.07"]
[Round "3"]
[White "soccerisfun"]
[Black "slakkjaw"]
[Result "1-0"]
[WhiteElo "1286"]
[BlackElo "1287"]
[Opening "Two knights defense"]
[ECO "C58"]
[Time "21:32:16"]
[TimeControl "2700+45"]

1. e4 e5 2. Nf3 Nc6 3. Bc4 Nf6 4. Ng5 d5 5. exd5 Na5 6. Bb5+ Bd7 7. Bxd7+ Qxd7
8. d4 Qxd5 9. Nf3 Bd6 10. dxe5 Qe6 11. O-O O-O-O 12. exd6 Rxd6 13. Qe1 Qd7 14.
Qxa5 a6 15. Nc3 Ne4 16. Nxe4 Rd1 17. Bd2 Rxf1+ 18. Rxf1 Re8 19. Nc5 Qc6 20. Be3
Kb8 21. Qa4 Qd6 22. Qxe8+ {Black resigns} 1-0

[Event "Team 45 45 League T38"]
[Site "Internet Chess Club"]
[Date "2008.08.08"]
[Round "3"]
[White "Avedldesierto"]
[Black "thepawneater"]
[Result "0-1"]
[WhiteElo "1815"]
[BlackElo "1817"]
[Opening "Ruy Lopez: Anderssen variation"]
[ECO "C77"]
[Time "11:15:21"]
[TimeControl "2700+45"]

1. e4 e5 2. Nf3 Nc6 3. Bb5 a6 4. Ba4 Nf6 5. d3 b5 6. Bb3 Be7 7. O-O O-O 8. Be3
d6 9. h3 Be6 10. c3 Na5 11. Bxe6 fxe6 12. b4 Nc6 13. Qb3 Qd7 14. Ng5 d5 15. a3
Nh5 16. Nxe6 Qxe6 17. exd5 Qf7 18. f4 Nb8 19. Nd2 exf4 20. g4 Nf6 21. Rxf4 Bd6
22. Rf5 Nbd7 23. Bd4 Qg6 24. Ne4 Rae8 25. Qc2 Nxe4 26. dxe4 Rxf5 27. exf5 Qh6
28. Qg2 Ne5 29. Rf1 Qg5 30. Kh1 h5 31. gxh5 Qxg2+ 32. Kxg2 Nc4 33. f6 Ne3+ 34.
Bxe3 Rxe3 35. fxg7 Kxg7 36. Rf3 Rxf3 37. Kxf3 Be5 38. c4 bxc4 39. Ke4 c3 40. h6+
Kxh6 41. Kd3 Kg6 42. a4 Kf7 43. a5 Ke7 44. b5 c2 45. Kxc2 axb5 46. a6 Bd4 47.
Kd3 Bc5 48. h4 Kf7 49. h5 Kg7 50. Kc3 Kh6 51. a7 Bxa7 52. Kb4 Kxh5 53. Kxb5 Bf2
54. Kc6 Bg3 55. Kd7 Bd6 56. Ke6 Kg5 {White resigns} 0-1

[Event "Team 45 45 League T38"]
[Site "Internet Chess Club"]
[Date "2008.08.10"]
[Round "3"]
[White "ChessChump"]
[Black "sallegreco"]
[Result "0-1"]
[WhiteElo "1444"]
[BlackElo "1504"]
[Opening "Philidor: exchange variation"]
[ECO "C41"]
[Time "14:00:08"]
[TimeControl "2700+45"]

1. e4 e5 2. Nf3 d6 3. d4 exd4 4. Nxd4 Bd7 5. Nc3 Nc6 6. Be3 Be7 7. Bb5 Ne5 8.
Bxd7+ Nxd7 9. O-O Ngf6 10. Nf5 O-O 11. Qf3 Ne5 12. Qg3 Ng6 13. h4 h5 14. Rad1
Ng4 15. Nxe7+ Qxe7 16. Bg5 f6 17. Bc1 Qe5 18. f4 Qc5+ 19. Kh1 c6 20. f5 N6e5 21.
Bf4 Rad8 22. Rfe1 Nf2+ 23. Kh2 Neg4+ 24. Kg1 Nxd1+ 25. Kf1 Nxc3 26. bxc3 Qc4+
27. Kg1 Rfe8 28. Qf3 Qxa2 29. Re2 Qb1+ 30. Qf1 Qxf1+ 31. Kxf1 d5 32. Bc7 Rc8 33.
Bg3 Rxe4 34. Rd2 Rce8 35. Rd3 Kf7 36. c4 Rxc4 37. Rd2 Nh6 38. Rf2 Re3 39. Bf4
Rec3 40. Bd6 Rxc2 41. Re2 Nxf5 42. Ba3 Rxe2 43. Kxe2 Nxh4 44. Kf2 Re4 45. Bc1
Nf5 46. Kf3 a5 47. Bd2 a4 48. Bc1 b5 49. g3 b4 50. Bf4 a3 51. Kg2 a2 52. Kh3
a1=Q 53. Kg2 Qb2+ 54. Kh3 Qc1 55. Bxc1 b3 56. Kg2 c5 57. Kh3 c4 58. Kg2 c3 59.
Kh3 b2 60. Bf4 c2 61. Kg2 b1=Q 62. Kh3 c1=Q 63. Bxc1 Qxc1 64. Kg2 Qg5 65. Kh3
Qxg3# {White checkmated} 0-1

[Event "Team 45 45 League T"]
[Site "Internet Chess Club"]
[Date "2008.08.10"]
[Round ""]
[White "arriero55"]
[Black "HappyTiger"]
[Result "*"]
[WhiteElo "1462"]
[BlackElo "1538"]
[Opening "Sicilian"]
[ECO "B56"]
[Time "16:03:31"]
[TimeControl "2700+45"]

1. e4 c5 2. Nf3 Nc6 3. d4 cxd4 4. Nxd4 Nf6 5. Nc3 d6 6. f3 e5 7. Nb3 Be7 8. Be3
Be6 9. Be2 O-O 10. O-O a5 11. Bb5 Qc7 12. Qd2 Rfd8 13. Qf2 d5 14. Bb6 Qd6 15.
Bxd8 Qxd8 16. exd5 Nxd5 17. Nxd5 Qxd5 18. a4 Qd8 19. Bd3 Bxb3 20. Bxh7+ Kxh7 21.
cxb3 b6 22. Qc2+ g6 23. Qxc6 Bc5+ 24. Kh1 Rc8 25. Qe4 Bd4 26. Rad1 Qc7 27. h4
Kg7 28. Qb1 Rh8 29. g3 e4 30. Kg2 exf3+ 31. Rxf3 Bf6 32. Qd3 Qc6 33. Qd6 Rc8 34.
Qxc6 Rxc6 35. Rfd3 Be7 36. Rc3 Rf6 37. Rc7 Bc5 38. Rf1 Bd4 39. Rxf6 Kxf6 40.
Rc6+ Ke7 41. g4 Kd7 42. Rc2 Ke6 43. h5 Kf6 44. Kf3 Kg5 45. Rh2 Kh6 46. Kf4 f6
47. Ke4 Bc5 48. Kd5 g5 49. Ke6 Bd4 {Game adjourned when White disconnected}

[Event "Team 45 45 League T38"]
[Site "Internet Chess Club"]
[Date "2008.08.09"]
[Round "3"]
[White "Kravier"]
[Black "Tomate"]
[Result "1-0"]
[WhiteElo "1545"]
[BlackElo "1439"]
[Opening "Sicilian"]
[ECO "B54"]
[Time "14:00:07"]
[TimeControl "2700+45"]

1. e4 c5 2. Nf3 d6 3. d4 cxd4 4. Nxd4 Nc6 5. Bb5 Bd7 6. Bxc6 Bxc6 7. Nxc6 bxc6
8. O-O Nf6 9. Re1 g6 10. Nc3 Bg7 11. Be3 O-O 12. f3 Nd7 13. Bd4 f6 14. Rb1 Nb6
15. b3 c5 16. Bf2 f5 17. Nd5 e6 18. Nxb6 axb6 19. a4 f4 20. Qd3 Ra7 21. c4 Rd7
22. Red1 e5 23. b4 h6 24. bxc5 bxc5 25. Qd5+ Kh7 26. Be1 Rf6 27. a5 Ra7 28. Rb6
Bf8 29. Rdb1 g5 30. a6 Kg6 31. Qc6 Rff7 32. Rb7 Qa8 33. R7b6 Rfc7 34. Qxa8 Rxa8
35. Rb7 Rxb7 36. axb7 Rb8 37. Ba5 {Black resigns} 1-0

[Event "Team 45 45 League T38"]
[Site "Internet Chess Club"]
[Date "2008.08.06"]
[Round "3"]
[White "PandorasBox"]
[Black "chess9793"]
[Result "1-0"]
[WhiteElo "2084"]
[BlackElo "1764"]
[Opening "Queen's bishop game"]
[ECO "D02"]
[Time "20:00:06"]
[TimeControl "2700+45"]

1. d4 d5 2. Nf3 Nf6 3. Bf4 Bf5 4. e3 Nbd7 5. Bd3 Bxd3 6. cxd3 e6 7. Nc3 Bd6 8.
Ne5 c5 9. Nxd7 Qxd7 10. Bxd6 Qxd6 11. Qa4+ Nd7 12. dxc5 Qxc5 13. O-O Qc6 14. Qb4
Qb6 15. Nb5 Nf6 16. Rac1 Kd8 17. Rc7 Re8 18. Rfc1 a6 19. R1c6 Qxc7 20. Rxc7 axb5
{Black resigns} 1-0

[Event "Team 45 45 League T38"]
[Site "Internet Chess Club"]
[Date "2008.08.08"]
[Round "3"]
[White "SpankmyBishop"]
[Black "crazynights"]
[Result "0-1"]
[WhiteElo "1614"]
[BlackElo "1464"]
[Opening "Scotch: Schmidt variation"]
[ECO "C45"]
[Time "15:00:22"]
[TimeControl "2700+45"]

1. e4 e5 2. Nf3 Nc6 3. d4 exd4 4. Nxd4 Nf6 5. Nc3 Bb4 6. Nxc6 bxc6 7. Bd3 d5 8.
exd5 Nxd5 9. O-O O-O 10. Nxd5 cxd5 11. Qh5 g6 12. Qf3 Re8 13. c3 Bf8 14. Be3 a5
15. Bb5 Re6 16. Bd4 Rb8 17. a4 c6 18. Bd3 c5 19. Be3 c4 20. Be2 Bb7 21. Bd4 Bg7
22. Rab1 Bxd4 23. cxd4 Bc6 24. Bd1 Rb4 25. Qc3 Qe8 26. Bc2 Bxa4 27. Bxa4 Rxa4
28. Rfe1 Rb4 29. Rxe6 Qxe6 30. Ra1 Qb6 31. Qe3 Qe6 32. Qd2 Rb5 33. h3 Qb6 34.
Qc3 Rxb2 35. Qxa5 Qxd4 36. Qd8+ Kg7 37. Rf1 c3 38. Qe7 c2 39. Qc7 Kf6 40. Qd6+
Kg7 41. Qc7 Qf6 42. Qc5 d4 43. Qc4 Qb6 44. Rc1 Qb4 45. Qxb4 Rxb4 46. Rxc2 Rb1+
47. Kh2 Kf6 48. Rd2 Ke5 49. Kg3 Rb3+ 50. f3 h5 51. Kf2 h4 52. Re2+ Kd5 53. Ra2
Kc4 54. Ra4+ Kc3 55. Ra8 Kd3 56. Rd8 Rb2+ 57. Kf1 Ke3 58. Re8+ Kd2 59. Re2+ Kc3
60. Re8 d3 61. Rc8+ Kd2 62. Kf2 Rc2 63. Re8 Kc1+ {White resigns} 0-1

[Event "Team 45 45 League T38"]
[Site "Internet Chess Club"]
[Date "2008.08.06"]
[Round "3"]
[White "ChessChamp"]
[Black "chess9397"]
[Result "0-1"]
[WhiteElo "1629"]
[BlackElo "1863"]
[Opening "Sicilian: accelerated fianchetto, modern variation"]
[ECO "B34"]
[Time "18:04:20"]
[TimeControl "2700+45"]

1. e4 c5 2. Nf3 Nc6 3. d4 cxd4 4. Nxd4 g6 5. Nc3 Bg7 6. Be3 Nf6 7. f3 O-O 8. Qd2
d5 9. exd5 Nxd5 10. Nxc6 bxc6 11. O-O-O Bxc3 12. bxc3 Qa5 13. Be2 Qa3+ 14. Kb1
Rb8+ 15. Ka1 Qb2# {White checkmated} 0-1

[Event "Team 45 45 League T38"]
[Site "Internet Chess Club"]
[Date "2008.08.11"]
[Round "3"]
[White "tourettes"]
[Black "PostMike"]
[Result "1/2-1/2"]
[WhiteElo "1680"]
[BlackElo "1609"]
[Opening "Sicilian: closed"]
[ECO "B23"]
[Time "14:18:40"]
[TimeControl "2700+45"]

1. e4 c5 2. Nc3 d6 3. g3 Nf6 4. Bg2 g6 5. Nge2 Bg7 6. O-O Nc6 7. d3 Rb8 8. h3 b5
9. a3 O-O 10. Be3 a6 11. Qd2 Bb7 12. Bh6 Bxh6 13. Qxh6 Qb6 14. Kh2 Nd4 15. Rac1
Kh8 16. Ng1 Bc6 17. f4 Ng8 18. Qh4 e6 19. g4 b4 20. axb4 cxb4 21. Nd1 Nb5 22. f5
exf5 23. gxf5 Qd4 24. Nf3 Qf6 25. fxg6 fxg6 26. Ng5 Qe5+ 27. Kh1 Rxf1+ 28. Bxf1
Rb7 29. Be2 d5 30. c4 dxc4 31. Rxc4 Nd4 32. Bg4 Nf6 33. Rxb4 Re7 34. Ne3 Bb5 35.
Nc4 Qf4 36. Qh6 Qf1+ 37. Kh2 Qf2+ 38. Kh1 Qf1+ {Game drawn by mutual agreement}
1/2-1/2

[Event "Team 45 45 League T38"]
[Site "Internet Chess Club"]
[Date "2008.08.12"]
[Round "3"]
[White "charles-allen"]
[Black "tsia68"]
[Result "1-0"]
[WhiteElo "1860"]
[BlackElo "1914"]
[Opening "Pirc defense"]
[ECO "B07"]
[Time "13:01:04"]
[TimeControl "2700+45"]

1. e4 d6 2. d4 Nf6 3. Bd3 g6 4. Nf3 Bg7 5. c3 O-O 6. O-O Nbd7 7. Re1 e5 8. Nbd2
b6 9. Nc4 Re8 10. Bg5 h6 11. Bd2 c5 12. Nxd6 Re6 13. Nxc8 Rxc8 14. dxe5 Nxe5 15.
Nxe5 Rxe5 16. Bf4 Re7 17. Bc2 Rd7 18. Qe2 Nh5 19. Be3 Qh4 20. Rad1 Re7 21. h3
Nf4 22. Qg4 Qxg4 23. hxg4 Ne6 24. Re2 Ng5 25. f3 Ne6 26. Red2 g5 27. g3 Be5 28.
Kf2 Kg7 29. Ba4 Kf6 30. Bd7 Rd8 31. Bxe6 Rxd2+ 32. Rxd2 fxe6 33. f4 Bc7 34. Kf3
e5 35. f5 Rh7 36. Rh2 Bb8 37. Ke2 Bd6 38. Kd3 Bb8 39. Kc4 Bc7 40. Kb5 Bb8 41. a4
Bc7 42. a5 Bd8 43. Rd2 Bc7 44. Kc6 Re7 45. Rd7 Bb8 46. Rxe7 Kxe7 47. axb6 axb6
48. Kxb6 {Black resigns} 1-0

[Event "Team 45 45 League T38"]
[Site "Internet Chess Club"]
[Date "2008.08.09"]
[Round "3"]
[White "primerpaso"]
[Black "Ocho-Cinco"]
[Result "1-0"]
[WhiteElo "1907"]
[BlackElo "1727"]
[Opening "English opening"]
[ECO "A21"]
[Time "11:02:46"]
[TimeControl "2700+45"]

1. c4 e5 2. Nc3 f5 3. g3 Nf6 4. Bg2 Bc5 5. e3 O-O 6. Nge2 Nc6 7. O-O d6 8. a3
Ne7 9. b4 Bb6 10. d4 e4 11. c5 {Black resigns} 1-0

[Event "Team 45 45 League T38"]
[Site "Internet Chess Club"]
[Date "2008.08.12"]
[Round "3"]
[White "GrandPoobah069"]
[Black "frankd"]
[Result "1-0"]
[WhiteElo "1694"]
[BlackElo "1669"]
[Opening "Pirc: Holmov system"]
[ECO "B07"]
[Time "17:57:00"]
[TimeControl "2700+45"]

1. e4 d6 2. d4 Nf6 3. Nc3 g6 4. Bc4 Bg7 5. Qe2 Nc6 6. e5 Ng4 7. e6 Nxd4 8. Qxg4
Nxc2+ 9. Kd1 f5 10. Qe2 Nxa1 11. Nf3 c6 12. Ng5 Qa5 13. Bd2 Qe5 14. Qf3 Qc5 15.
Qe2 b5 16. Bd3 b4 17. Be3 Qa5 18. Nb1 Qxa2 19. Bc1 Nb3 20. Bc4 d5 21. Bxd5 cxd5
22. Qb5+ Kf8 23. Qxd5 Qxb1 24. Qd8# {Black checkmated} 1-0

[Event "Team 45 45 League T38"]
[Site "Internet Chess Club"]
[Date "2008.08.11"]
[Round "3"]
[White "clarinetref"]
[Black "BraafPaard"]
[Result "1-0"]
[WhiteElo "1676"]
[BlackElo "1499"]
[Opening "Réti: King's Indian attack, Spassky's variation"]
[ECO "A05"]
[Time "20:05:41"]
[TimeControl "2700+45"]

1. Nf3 Nf6 2. g3 b5 3. b3 Bb7 4. Bg2 e6 5. d3 Be7 6. O-O O-O 7. c4 bxc4 8. bxc4
c5 9. Qb3 Qb6 10. Qc2 Nc6 11. Bb2 Nd4 12. Bxd4 cxd4 13. Nbd2 Bxf3 14. Bxf3 Rab8
15. Rab1 Qc7 16. Nb3 e5 17. a4 Bb4 18. Nd2 a5 19. Rb3 Bxd2 20. Rxb8 Rxb8 21.
Qxd2 Rb4 22. Ra1 Qb6 23. e3 Rb2 24. Qe1 dxe3 25. fxe3 Kf8 26. Qc1 d6 27. Bc6 Re2
28. Rb1 Qxe3+ 29. Qxe3 Rxe3 30. Rb8+ Ke7 31. Ra8 Rxd3 32. Rxa5 Rc3 33. Ra7+ Ke6
34. Bb5 d5 35. cxd5+ Nxd5 36. Bd7+ Kd6 37. Be8 Rc7 38. Ra6+ Kc5 39. Ra5+ Kd4 40.
Bb5 Nc3 41. Be8 f6 42. Ra8 e4 43. a5 Ke3 44. a6 Kd2 45. a7 e3 46. Rd8+ {Black
resigns} 1-0

[Event "Team 45 45 League T38"]
[Site "Internet Chess Club"]
[Date "2008.08.09"]
[Round "3"]
[White "searchforbobby1"]
[Black "Fezzik"]
[Result "1/2-1/2"]
[WhiteElo "2228"]
[BlackElo "1983"]
[Opening "Caro-Kann: classical, Spassky variation"]
[ECO "B19"]
[Time "21:20:01"]
[TimeControl "2700+45"]

1. e4 c6 2. d4 d5 3. Nc3 dxe4 4. Nxe4 Bf5 5. Ng3 Bg6 6. h4 h6 7. Nf3 Nd7 8. h5
Bh7 9. Bd3 Bxd3 10. Qxd3 e6 11. Bf4 Qa5+ 12. Bd2 Qc7 13. O-O-O Ngf6 14. Ne4
O-O-O 15. Kb1 Nc5 16. Nxc5 Bxc5 17. Rh4 Rhe8 18. Qe2 Bb6 {Game drawn by mutual
agreement} 1/2-1/2

[Event "Team 45 45 League T38"]
[Site "Internet Chess Club"]
[Date "2008.08.10"]
[Round "3"]
[White "kabindra"]
[Black "Mustard"]
[Result "1-0"]
[WhiteElo "1907"]
[BlackElo "1831"]
[Opening "French: Tarrasch, open variation"]
[ECO "C07"]
[Time "19:11:49"]
[TimeControl "2700+45"]

1. e4 e6 2. d4 d5 3. Nd2 c5 4. c3 Nc6 5. Ngf3 Nf6 6. e5 Nd7 7. Bd3 Qb6 8. O-O
cxd4 9. cxd4 Nxd4 10. Nxd4 Qxd4 11. Nf3 Qb6 12. Qe2 Be7 13. Bg5 Qd8 14. h4 h6
15. Bxe7 Qxe7 16. Bc2 Nb6 17. b3 Bd7 18. Rfc1 Rc8 19. a4 Qb4 20. Rd1 Rc3 21. Nd4
a6 22. Rd3 Ke7 23. Rad1 Rhc8 24. Qg4 Rxc2 25. Nf5+ {Black resigns} 1-0

[Event "Team 45 45 League T38"]
[Site "Internet Chess Club"]
[Date "2008.08.09"]
[Round "3"]
[White "Archdruid"]
[Black "AronT"]
[Result "1-0"]
[WhiteElo "1856"]
[BlackElo "1705"]
[Opening "Danish gambit: Sorensen defense"]
[ECO "C21"]
[Time "20:00:09"]
[TimeControl "2700+45"]

1. e4 e5 2. d4 exd4 3. c3 d5 4. exd5 Qxd5 5. cxd4 Nc6 6. Nf3 Bg4 7. Be2 O-O-O 8.
Nc3 Qd7 9. Be3 Nf6 10. O-O h5 11. Qa4 Qf5 12. d5 Nxd5 13. Nxd5 Rxd5 14. Rac1 Ra5
15. Qb3 h4 16. Rxc6 bxc6 17. Rd1 Bc5 18. Bxc5 Qxc5 19. h3 Be6 20. Qd3 Qd5 21.
Qc3 Qc5 22. Qxg7 Rd8 23. Rxd8+ Kxd8 24. Qf6+ Qe7 25. Qd4+ Kc8 26. a3 Bxh3 27.
Qc3 Rd5 28. Ba6+ Kd7 29. gxh3 Rd1+ 30. Bf1 Qe6 31. Qc2 Ra1 32. Qd2+ Kc8 33. Nxh4
Qxh3 34. Ng2 Rxf1+ 35. Kxf1 Qh1+ 36. Ke2 Qxg2 37. Qc3 Qe4+ 38. Kf1 f5 39. Qb3 f4
40. f3 Qf5 41. Kf2 Qb5 42. Qg8+ Kb7 43. b4 Qd3 44. Qa2 Kb6 45. a4 Qd4+ 46. Kg2
Qxb4 47. Kh3 Ka5 48. Kg4 Qxa4 49. Qf7 Kb6 50. Qf8 c5 51. Qb8+ Kc6 52. Qe8+
{Black resigns} 1-0

[Event "Team 45 45 League T38"]
[Site "Internet Chess Club"]
[Date "2008.08.07"]
[Round "3"]
[White "Kingofknights"]
[Black "QueensCounselor"]
[Result "0-1"]
[WhiteElo "1753"]
[BlackElo "1895"]
[Opening "Grünfeld: exchange variation"]
[ECO "D85"]
[Time "14:01:17"]
[TimeControl "2700+45"]

1. d4 Nf6 2. c4 g6 3. Nc3 d5 4. cxd5 Nxd5 5. e4 Nxc3 6. bxc3 Bg7 7. Be3 c5 8.
Qd2 Qa5 9. Rb1 a6 10. Bd3 b5 11. Ne2 c4 12. Bc2 O-O 13. O-O Nc6 14. d5 Ne5 15.
a4 Ng4 16. Bc5 Qc7 17. d6 Qxc5 18. dxe7 Qxe7 19. axb5 Qe5 20. g3 axb5 21. Qd5
Qxd5 22. exd5 Bd7 23. Be4 Ra2 24. Nd4 Bxd4 25. cxd4 Nf6 26. Bf3 Rd2 27. Rfd1
Rxd1+ 28. Rxd1 b4 29. Ra1 c3 30. Kf1 b3 31. Ke2 b2 {White resigns} 0-1

[Event "Team 45 45 League T38"]
[Site "Internet Chess Club"]
[Date "2008.08.07"]
[Round "3"]
[White "predkoo"]
[Black "Rookmaster"]
[Result "1/2-1/2"]
[WhiteElo "1790"]
[BlackElo "1841"]
[Opening "Bird's opening"]
[ECO "A02"]
[Time "10:29:14"]
[TimeControl "2700+45"]

1. f4 Nf6 2. e3 c5 3. Nf3 Nc6 4. b3 g6 5. Bb2 Bg7 6. Be2 d5 7. Ne5 Qc7 8. d3 O-O
9. O-O Bd7 10. Nd2 Rad8 11. h3 b5 12. Ndf3 Bc8 13. Nxc6 Qxc6 14. Ne5 Qc7 15. d4
a6 16. dxc5 Qxc5 17. Bd4 Qc7 18. Bd3 Ne4 19. Qe1 Bb7 20. Rc1 Rc8 21. Bxe4 dxe4
22. c4 bxc4 23. bxc4 Rfd8 24. Qb4 a5 25. Qb5 Bxe5 26. Bxe5 Qd7 27. Rfd1 Qxb5 28.
Rxd8+ Qe8 29. Rxe8+ Rxe8 30. Rb1 Bc6 31. Rb6 Rc8 32. c5 a4 33. a3 f6 34. Bd4 Kf7
35. Rb2 Ke6 36. Rd2 Rd8 37. Kf2 Rd5 38. g4 Kf7 39. Bc3 Rxd2+ 40. Bxd2 Ke6 41.
Ke1 Kd5 42. Bb4 g5 43. f5 e6 44. fxe6 Kxe6 45. Kd2 f5 46. gxf5+ Kxf5 47. Ke1 h5
48. Kf2 Ke5 49. Bc3+ Kd5 50. Bf6 Kc4 51. Bxg5 Kb3 52. Ke1 Kxa3 53. Kd2 Kb4 54.
Be7 Kb3 55. Kc1 Kc3 56. h4 Kc4 57. Kb2 Kb4 58. Bd6 a3+ 59. Ka2 Bd5+ 60. Ka1 Kc3
61. c6 {Game drawn by mutual agreement} 1/2-1/2

[Event "Team 45 45 League T38"]
[Site "Internet Chess Club"]
[Date "2008.08.11"]
[Round "3"]
[White "Marichan"]
[Black "Steinwitz"]
[Result "1-0"]
[WhiteElo "1744"]
[BlackElo "1721"]
[Opening "Scandinavian: Marshall variation"]
[ECO "B01"]
[Time "15:01:30"]
[TimeControl "2700+45"]

1. e4 d5 2. exd5 Nf6 3. d4 Nxd5 4. Nf3 e6 5. c4 Nf6 6. Nc3 Be7 7. Be2 O-O 8. O-O
c5 9. d5 exd5 10. Nxd5 Nxd5 11. Qxd5 Qxd5 12. cxd5 h6 13. Bf4 Rd8 14. Rad1 Bd6
15. Bxd6 Rxd6 16. Ne5 b6 17. Nc4 Rd8 18. Bf3 Bb7 19. Rfe1 Nd7 20. Nd6 Rab8 21.
Nxb7 Rxb7 22. d6 Rbb8 23. Re7 Kf8 24. Bd5 Nf6 25. Rxf7+ Kg8 26. Rxf6+ {Black
resigns} 1-0

[Event "Team 45 45 League T38"]
[Site "Internet Chess Club"]
[Date "2008.08.09"]
[Round "3"]
[White "hansolo1000"]
[Black "DaveTheRook"]
[Result "1-0"]
[WhiteElo "1794"]
[BlackElo "1649"]
[Opening "King's Indian: Kramer system"]
[ECO "E70"]
[Time "19:05:10"]
[TimeControl "2700+45"]

1. d4 Nf6 2. c4 g6 3. Nc3 Bg7 4. e4 d6 5. Nge2 Nbd7 6. Ng3 c6 7. Be2 e5 8. d5
cxd5 9. cxd5 a6 10. a4 Qa5 11. Bd2 Qd8 12. b4 O-O 13. h4 h5 14. Bg5 Qb6 15. Rb1
Ng4 16. Bxg4 hxg4 17. h5 Qd4 18. Qb3 f5 19. Be3 Qd3 20. Rd1 Qxd1+ 21. Qxd1 f4
22. Qxg4 gxh5 23. Qe6+ Rf7 24. Nf5 fxe3 25. Qe8+ Nf8 26. Nxe3 b6 27. Qc6 Bb7 28.
Qxb6 Rc8 29. Ned1 Ng6 30. Qe3 Nf4 31. Kf1 a5 32. b5 Rcf8 33. g3 Ng6 34. Rxh5 Bc8
35. Rg5 Bh3+ 36. Kg1 Rf3 37. Rxg6 Rxe3 38. Rxg7+ Kxg7 39. Nxe3 Rc8 40. Ne2 Bd7
41. Kf1 Be8 42. Nf5+ Kf8 43. Nxd6 Rc2 44. Nb7 Bh5 45. Ng1 Ra2 46. Nxa5 Rxa4 47.
Nc6 Ra1+ 48. Kg2 Rb1 49. b6 Rxb6 50. Nxe5 Rb4 51. f3 Rb2+ 52. Kh3 Rb1 53. Ne2
Rh1+ 54. Kg2 Ra1 55. Kf2 Be8 56. Ke3 Re1 57. Kd2 Ra1 58. Nf4 Rg1 59. g4 Ba4 60.
g5 Kg8 61. g6 Be8 62. d6 Ba4 63. Nd5 Rg2+ 64. Ke3 Rb2 65. d7 Rb8 66. Nb6 Bb5 67.
Kf4 Kg7 68. Kg5 Be2 69. f4 Bd1 70. Nc8 Rb2 71. d8=Q Rg2+ 72. Kh4 Rh2+ 73. Kg3
{Black resigns} 1-0

[Event "Team 45 45 League T38"]
[Site "Internet Chess Club"]
[Date "2008.08.10"]
[Round "3"]
[White "Boromir"]
[Black "fishhead"]
[Result "0-1"]
[WhiteElo "1968"]
[BlackElo "1951"]
[Opening "Alekhine's defense: modern, fianchetto variation"]
[ECO "B04"]
[Time "15:55:47"]
[TimeControl "2700+45"]

1. e4 Nf6 2. e5 Nd5 3. d4 d6 4. Nf3 g6 5. c4 Nb6 6. Nc3 Bg7 7. exd6 cxd6 8. Be2
O-O 9. O-O Nc6 10. Be3 Bg4 11. b3 d5 12. c5 Nc8 13. h3 Bxf3 14. Bxf3 e6 15. Ne2
N8e7 16. Ng3 h6 17. Qd2 Kh7 18. Rab1 f5 19. Ne2 g5 20. g3 Ng6 21. Bh5 Qf6 22. f4
gxf4 23. Nxf4 Nxf4 24. Rxf4 Qg5 25. g4 Qh4 26. Kg2 e5 27. dxe5 Bxe5 28. Rf3 fxg4
29. hxg4 Qh2+ {White resigns} 0-1

[Event "Team 45 45 League T38"]
[Site "Internet Chess Club"]
[Date "2008.08.11"]
[Round "3"]
[White "HoHo"]
[Black "ivanson"]
[Result "1/2-1/2"]
[WhiteElo "1875"]
[BlackElo "1794"]
[Opening "Two knights defense (Modern bishop's opening)"]
[ECO "C55"]
[Time "18:00:21"]
[TimeControl "2700+45"]

1. e4 e5 2. Nf3 Nc6 3. Bc4 Nf6 4. d3 Be7 5. O-O O-O 6. Nc3 d6 7. h3 Na5 8. Bb3
c5 9. Nd5 Nxb3 10. Nxe7+ Qxe7 11. axb3 h6 12. Be3 d5 13. Qe2 d4 14. Bd2 Nh7 15.
c3 Bd7 16. b4 b6 17. bxc5 bxc5 18. cxd4 cxd4 19. Rfc1 Bb5 20. b4 a6 21. Rc5 f6
22. Rac1 Qe6 23. Rc7 Rac8 24. Qd1 Rxc7 25. Rxc7 Rc8 26. Rxc8+ Qxc8 27. Qb3+ Kh8
28. Nh4 Nf8 29. Nf5 Qe6 30. Qd1 Qd7 31. Qf3 Ne6 32. h4 Qc7 33. Qh5 Nf4 34. Bxf4
exf4 35. f3 Bxd3 36. Qe8+ Kh7 37. Ne7 Bc4 38. h5 d3 39. Ng6 Bg8 40. Nf8+ Kh8 41.
Ng6+ Kh7 42. Nf8+ {Game drawn by mutual agreement} 1/2-1/2

[Event "Team 45 45 League T38"]
[Site "Internet Chess Club"]
[Date "2008.08.08"]
[Round "3"]
[White "PJ"]
[Black "CREDITorDEBIT"]
[Result "0-1"]
[WhiteElo "1735"]
[BlackElo "1724"]
[Opening "Sicilian: closed"]
[ECO "B23"]
[Time "09:00:43"]
[TimeControl "2700+45"]

1. e4 c5 2. Nc3 d6 3. g3 Nc6 4. Bg2 Nf6 5. d3 g6 6. h3 Bg7 7. Be3 Bd7 8. Qd2 a5
9. Bh6 O-O 10. h4 Nd4 11. Bxg7 Kxg7 12. Nce2 e5 13. c3 Ne6 14. O-O-O b5 15. f3
b4 16. c4 h5 17. Nh3 Qc7 18. Rdf1 Qc6 19. Nf2 Qa4 20. Kb1 Nd4 21. Nxd4 cxd4 22.
Bh3 Bxh3 23. Rxh3 Qd7 24. Rg1 Rh8 25. Rh2 b3 26. a3 a4 27. Rhg2 Rac8 28. g4 hxg4
29. Nxg4 Nxg4 30. Rxg4 Qe7 31. Qf2 Rh5 32. Rg5 Rch8 33. Rxh5 Rxh5 34. Rg4 Kh7
35. Qg2 Rxh4 36. Rxh4+ Qxh4 37. Kc1 Qe1# {White checkmated} 0-1

[Event "Team 45 45 League T38"]
[Site "Internet Chess Club"]
[Date "2008.08.09"]
[Round "3"]
[White "Mater"]
[Black "AlterEgo"]
[Result "1-0"]
[WhiteElo "1675"]
[BlackElo "1572"]
[Opening "QGD Slav defense"]
[ECO "D10"]
[Time "11:01:51"]
[TimeControl "2700+45"]

1. d4 d5 2. c4 c6 3. Nc3 Nf6 4. b3 Bf5 5. Nf3 e6 6. a3 Nbd7 7. e3 c5 8. Be2 Be7
9. O-O O-O 10. dxc5 Nxc5 11. Bb2 dxc4 12. Bxc4 Nd3 13. Qd2 Nxb2 14. Qxb2 a6 15.
Rad1 Qc7 16. a4 Ne4 17. Nd4 Nxc3 18. Qxc3 Bg6 19. Nxe6 fxe6 20. Bxe6+ {Black
resigns} 1-0

[Event "Team 45 45 League T38"]
[Site "Internet Chess Club"]
[Date "2008.08.11"]
[Round "3"]
[White "Emrebey"]
[Black "makito"]
[Result "0-1"]
[WhiteElo "1583"]
[BlackElo "1817"]
[Opening "Neo-Grünfeld, 6.O-O c6"]
[ECO "D78"]
[Time "15:59:46"]
[TimeControl "2700+45"]

1. c4 Nf6 2. Nf3 g6 3. g3 Bg7 4. Bg2 O-O 5. O-O c6 6. d4 d5 7. Nc3 dxc4 8. Ne5
Be6 9. Qa4 Qxd4 10. Bf4 Nd5 11. Rfd1 Nxc3 12. bxc3 Qc5 13. Nf3 Bxc3 14. Rab1 b5
15. Qc2 Bg7 16. Be3 Qf5 17. Qc1 Bd5 18. Nh4 Qc8 19. Rxd5 cxd5 20. Bxd5 Nc6 21.
Rxb5 Qd7 22. Qxc4 Rac8 23. Bc1 Ne5 24. Qf4 Rxc1+ 25. Qxc1 Qxb5 26. e4 e6 27. Bb3
Qd7 {White resigns} 0-1